 Dungeon Crawl Stone Soup version 0.20.0-10-g0535bb4 (webtiles) character file.

2160 anfisbena the Basher (level 9, -1/111 HPs)
             Began as a Formicid Abyssal Knight on June 5, 2017.
             Was an Elder of Lugonu.
             Slain by a killer bee (2 damage)
             ... on level 7 of the Dungeon.
             The game lasted 00:09:42 (7881 turns).

anfisbena the Basher (Formicid Abyssal Knight)      Turns: 7881, Time: 00:09:42

Health: -1/111     AC: 31    Str: 20      XL:     9   Next: 57%
Magic:  14/14      EV:  2    Int: 10 (12) God:    Lugonu [****..]
Gold:   262        SH:  0    Dex: 10      Spells: 8/8 levels left

rFire    . . .     SeeInvis .   n - +2 flail (protect)
rCold    + . .     Gourm    .   (no shield)
rNeg     + + +     Faith    .   (armour currently unavailable)
rPois    +         Spirit   .   (helmet unavailable)
rElec    .         Reflect  .   (cloak currently unavailable)
rCorr    .         Harm     .   (gloves currently unavailable)
MR       .....                  (boots currently unavailable)
Stlth    ++........             (no amulet)
Regen    0.3/turn               k - ring of protection from cold
MPRegen  0.2/turn               j - ring of stealth

@: lethally poisoned (-1 -> -5), tree-form, protection aura
A: permanent stasis, dig shafts and tunnels, four strong arms
a: Depart the Abyss, Bend Space, Banish, Corrupt, Renounce Religion


You were on level 7 of the Dungeon.
You worshipped Lugonu.
Lugonu was greatly pleased with you.
You were not hungry.
You were a tree.
You visited 1 branch of the dungeon, and saw 7 of its levels.
You visited the Abyss 1 time.

You collected 262 gold pieces.

Inventory:

Hand Weapons
 n - a +2 flail of protection (weapon)
Armour
 b - a +1 pair of gloves (melded)
 o - a +0 scale mail (melded)
Jewellery
 j - a ring of stealth (right branch)
 k - a ring of protection from cold (left branch)
Scrolls
 d - a scroll of recharging
 e - 2 scrolls of remove curse
 f - a scroll of immolation {unknown}
 g - a scroll of enchant armour
 q - a scroll of enchant weapon
Potions
 u - 2 potions of might
Comestibles
 a - a chunk of flesh
 c - 6 bread rations
 h - a royal jelly
 s - 2 meat rations


   Skills:
 - Level 8.0 Fighting
 + Level 8.5 Maces & Flails
 - Level 2.1 Armour
 - Level 0.8 Dodging
 + Level 7.2 Invocations


You had 8 spell levels left.
You didn't know any spells.

Dungeon Overview and Level Annotations

Branches:
Dungeon (8/15)             Temple (0/1) D:7
   Lair: D:8-11

Altars:
Cheibriados
Dithmenos
Fedhas
Gozag
Hepliaklqana
Makhleb
Okawaru
Ru
Xom

Annotations:
D:5 Pikel


Innate Abilities, Weirdness & Mutations

You cannot be hasted, slowed, berserked, paralysed or teleported.
You can dig through walls and to a lower floor.
Your four strong arms can wield two-handed weapons with a shield.
((You have a pair of large antennae on your head. (SInv)))


Message History

The killer bee stings you but does no damage.
You hit the killer bee.
The killer bee is moderately wounded.
* * * LOW HITPOINT WARNING * * *
You feel sick.
The killer bee stings you but does no damage.
The killer bee barely misses you.
The killer bee stings you but does no damage. x2
You sock the killer bee!
You kill the killer bee!
Lugonu accepts your kill.
You feel your dexterity returning.
* * * LOW HITPOINT WARNING * * *
You feel sick. The killer bee barely misses you. The killer bee stings you.
* * * LOW HITPOINT WARNING * * *
Okay, then.
You completely miss the killer bee.
* * * LOW HITPOINT WARNING * * *
You feel sick. The killer bee stings you.
You die...

#.........#...........
#.........#........####
#.........#+#.........#
#.....................#
#.....................#
#.....................#
#......................
#.........###y####..##.
#.........# #♣†.......
#..<......# #..#######.
######....# #..# #....#
#..# #....# #... #....#
##.## #....# .# #....#
.# #....#


You could see a killer bee.

Vanquished Creatures
  2 hippogriffs
  The ghost of salade2fruit the Caller, an amateur OpSu (D:3)
  A phantom (D:5)
  2 ogres
  An ice beast (D:8)
  2 centaurs
  Blork the orc (D:4)
  3 scorpions
  A jelly (D:8)
  3 killer bees (D:7)
  2 crimson imps
  A quasit (Abyss:1)
  3 orc priests
  A centaur skeleton (D:4)
  4 hounds
  5 orc wizards
  3 worker ants
  A worker ant zombie (D:5)
  4 gnolls
  7 adders
  An ooze (D:2)
  2 worms
  4 dart slugs
  2 leopard geckos
  22 orcs
  4 ball pythons
  5 giant cockroaches
  6 goblins
  8 hobgoblins
  2 jackals (D:1)
  4 quokkas
  13 bats
  6 frilled lizards
  8 kobolds
  12 rats
147 creatures vanquished.

Notes
Turn   | Place    | Note
-------+----------+-------------------------------------------
     0 | Abyss:1  | anfisbena the Formicid Abyssal Knight began the quest for the Orb.
     0 | Abyss:1  | Reached XP level 1. HP: 18/18 MP: 2/2
    98 | Abyss:1  | Noticed a quasit
    99 | Abyss:1  | Noticed a small abomination
   111 | Abyss:1  | Killed a quasit
   111 | Abyss:1  | Reached XP level 2. HP: 8/25 MP: 3/3
   111 | Abyss:1  | Reached XP level 3. HP: 9/30 MP: 4/4
   112 | D:1      | Escaped the Abyss
   586 | D:1      | Reached * piety under Lugonu
   775 | D:1      | Reached XP level 4. HP: 37/37 MP: 5/5
  1152 | D:2      | Found an iron altar of Okawaru.
  1293 | D:2      | Found a snail-covered altar of Cheibriados.
  1300 | D:2      | Reached ** piety under Lugonu
  1716 | D:2      | Reached XP level 5. HP: 43/43 MP: 6/6
  1737 | D:2      | Found an opulent altar of Gozag.
  1958 | D:2      | Found a hazy altar of Hepliaklqana.
  2181 | D:2      | Reached skill level 5 in Fighting
  2585 | D:3      | Found a shadowy altar of Dithmenos.
  2663 | D:3      | Noticed salade2fruit's ghost (amateur OpSu)
  2676 | D:3      | Killed salade2fruit's ghost
  2676 | D:3      | Reached XP level 6. HP: 38/52 MP: 7/7
  3731 | D:3      | Reached XP level 7. HP: 10/59 MP: 8/8
  4053 | D:3      | Reached *** piety under Lugonu
  4320 | D:4      | Noticed Blork the orc
  4329 | D:4      | Killed Blork the orc
  4329 | D:4      | Reached skill level 5 in Maces & Flails
  4339 | D:4      | Found a burning altar of Makhleb.
  4452 | D:4      | Found a sacrificial altar of Ru.
  4452 | D:4      | Found a shimmering altar of Xom.
  4486 | D:4      | Found a blossoming altar of Fedhas.
  4782 | D:4      | Reached XP level 8. HP: 26/67 MP: 9/9
  5789 | D:5      | Entered Level 5 of the Dungeon
  6175 | D:5      | Noticed a hippogriff
  6185 | D:5      | Killed a hippogriff
  6185 | D:5      | Reached skill level 5 in Invocations
  6185 | D:5      | Reached XP level 9. HP: 48/74 MP: 12/12
  6337 | D:5      | Noticed Pikel
  6628 | D:5      | You fall through a shaft for 2 floors!
  6659 | D:8      | HP: 3/74 [poisoned by a scorpion]
  6666 | D:8      | HP: 2/74 [poisoned by a scorpion]
  6673 | D:8      | HP: 1/74 [poisoned by a scorpion]
  6681 | D:8      | HP: 1/74 [poisoned by a scorpion]
  7529 | D:8      | Noticed a hippogriff
  7554 | D:8      | Killed a hippogriff
  7809 | D:7      | Found a staircase to the Ecumenical Temple.
  7872 | D:7      | Reached **** piety under Lugonu
  7878 | D:7      | HP: 5/111 [killer bee (3)]
  7880 | D:7      | HP: 1/111 [killer bee (2)]
  7881 | D:7      | Slain by a killer bee

Skill      XL: |  1  2  3  4  5  6  7  8  9 |
---------------+----------------------------+-----
Fighting       | 4 5 6 7 8 |  8.0
Maces & Flails | 3 4 5 7 8 |  8.5
Invocations    | 5 7 |  7.2
Armour         | |  2.1
Dodging        | |  0.8

Action                   |  1- 3 |  4- 6 |  7- 9 || total
-------------------------+-------+-------+-------++-------
Melee: Mace              |    43 |   201 |       ||   244
       Unarmed           |       |     7 |       ||     7
       Flail             |       |    55 |   314 ||   369
Invok: Depart the Abyss  |     1 |       |       ||     1
 Abil: Dig               |       |       |     1 ||     1
       Shaft Self        |       |       |     1 ||     1
  Use: Potion            |       |     1 |     9 ||    10
       Scroll            |       |       |     5 ||     5
  Eat: Chunk             |       |     9 |    12 ||    21
       Fruit             |       |       |     3 ||     3
Armor: Leather armour    |    30 |    97 |     4 ||   131
       Skin              |       |     2 |    35 ||    37
       Scale mail        |       |       |   189 ||   189
Dodge: Dodged            |    50 |   192 |   178 ||   420
